 Dungeon Crawl Stone Soup version 0.19.1 (webtiles) character file.

4242 Ice the Spear-Bearer (level 10, -1/81 HPs)
             Began as a Minotaur Berserker on Nov 29, 2016.
             Was a High Priest of Trog.
             Slain by a yak (4 damage)
             ... on level 9 of the Dungeon.
             The game lasted 00:46:38 (6990 turns).

Ice the Spear-Bearer (Minotaur Berserker)           Turns: 6990, Time: 00:46:39

Health: -1/81      AC: 14    Str: 23    XL:     10   Next: 9%
Magic:  9/9        EV:  7    Int:  0    God:    Trog [*****.]
Gold:   89         SH: 15    Dex: 16    Spells: 0 memorised, 9 levels left

rFire  . . .     SeeInvis .     D - +1 spear of Yrewk {freeze, Int-5 Dex+5}
rCold  + . .     Gourm    .     R - +0 storm dragon scales
rNeg   . . .     Faith    .     V - +0 large shield
rPois  .         Spirit   .     (helmet restricted)
rElec  +         Reflect  .     (no cloak)
rCorr  .         Harm     .     z - +1 pair of gloves
MR     .....                    (no boots)
Stlth  ..........               (no amulet)
                                (no ring)
                                e - ring of protection from cold

@: slowed, lost intelligence, very slow
A: retaliatory headbutt, horns 2
a: Berserk, Trog's Hand, Brothers in Arms, Burn Spellbooks, Renounce Religion


You were on level 9 of the Dungeon.
You worshipped Trog.
Trog was extremely pleased with you.
You were near starving.

You visited 2 branches of the dungeon, and saw 10 of its levels.

You collected 408 gold pieces.
You spent 319 gold pieces at shops.

Inventory:

Hand Weapons
 a - a +0 falchion
 b - a +3 hunting sling
 d - a +0 dagger
 g - a +0 mace of pain
 w - a +1 great sword of holy wrath
 C - a +2 flail of crushing
 D - the +1 spear of Yrewk (weapon) {freeze, Int-5 Dex+5}
   (You found it on level 4 of the Dungeon)

   It has been specially enchanted to freeze those struck by it, causing extra
   injury to most foes and up to half again as much damage against particularly
   susceptible opponents.
   It can also slow down cold-blooded creatures.
   It affects your intelligence (-5).
   It affects your dexterity (+5).
 I - a +0 blowgun
 J - a +0 shortbow
 O - a +2 battleaxe of electrocution
Missiles
 i - 48 bolts
 j - 336 stones
 r - 60 poisoned needles
 E - 219 arrows
 H - 110 sling bullets
 Q - 5 tomahawks (quivered)
Armour
 z - a +1 pair of gloves (worn)
 R - +0 storm dragon scales (worn)
 V - a +0 large shield (worn)
Jewellery
 e - a ring of protection from cold (left hand)
 o - an uncursed ring of ice
Wands
 U - a wand of flame (24/48)
Scrolls
 f - 5 scrolls of teleportation {unknown}
 k - 2 scrolls of recharging {unknown}
 m - a scroll of amnesia {unknown}
 s - a scroll of brand weapon {unknown}
 t - 3 scrolls of remove curse
 y - a scroll of magic mapping {unknown}
 A - 4 scrolls of enchant armour {unknown}
 G - 4 scrolls of noise
 M - a scroll of blinking {unknown}
 N - 3 scrolls of fear {unknown}
Potions
 l - 2 potions of resistance
 u - a potion of agility {unknown}
 v - a potion of invisibility {unknown}
 x - a potion of might {unknown}
 K - a potion of curing {unknown}
 P - a potion of degeneration
 S - a potion of ambrosia {unknown}
 T - a potion of flight
Books
 p - a book of Minor Magic

   Spells                             Type                      Level
   a - Magic Dart                     Conjuration                  1
   b - Blink                          Translocation                2
   c - Call Imp                       Summoning                    2
   d - Repel Missiles                 Charms/Air                   2
   e - Slow                           Hexes                        2
   f - Conjure Flame                  Conjuration/Fire             3
   g - Mephitic Cloud                 Conjuration/Poison/Air       3
   Trog disapproves of the use of such an item.
Comestibles
 c - 9 bread rations
 h - 6 beef jerkies
 n - 8 fruits
 q - 5 meat rations
 F - a royal jelly
 L - a slice of pizza


   Skills:
 - Level 5.0 Fighting
 - Level 5.1 Long Blades
 + Level 11.6 Polearms
 - Level 5.1(6.0) Slings
 - Level 4.2(5.2) Throwing
 - Level 5.5 Armour
 - Level 5.0 Dodging
 - Level 5.1 Shields


You had 9 spell levels left.
You didn't know any spells.

Dungeon Overview and Level Annotations

Branches:
Dungeon (9/15)             Temple (1/1) D:4
   Lair: D:8-11         Orc: D:9-12

Altars:
Ashenzari
Cheibriados
Dithmenos
Elyvilon
Fedhas
Gozag
Hepliaklqana
Kikubaaqudgha
Makhleb
Nemelex Xobeh
Okawaru
Qazlal
Ru
Sif Muna
Trog
Uskayaw
Vehumet
Xom
Yredelemnul
Zin
The Shining One

Shops:
D:4 [   D:6 *   D:7 *


Innate Abilities, Weirdness & Mutations

You reflexively headbutt those who attack you in melee.
You have a pair of horns on your head.


Message History

Something hits you but does no damage. You block something's attack.
You block the yak's attack. Something hits you but does no damage.
The yak gores you!
* * * LOW HITPOINT WARNING * * *
You block the yak's attack. You block the yak's attack. x2
There is an open door here.
You block the yak's attack.
There is an open door here.
You block the yak's attack. The yak gores you.
* * * LOW HITPOINT WARNING * * *
The yak gores you but does no damage. You block the yak's attack.
The orc wizard gestures wildly while chanting.
The orc wizard flickers and vanishes!
There is a stone staircase leading up here.
The yak gores you.
You die...

###########
#..<.@Y...#
#....YY...# ##
#.........# #########
.# #.........#
#........ .+
#.......o.####..[.....
.#
#........o#..Yoo.o....
#####.#
+.........'.##.)...o..
#...#.#
#.........####........
#.#.#.# ####)######
#####+###


You could see 3 yaks and 2 orcs.

Vanquished Creatures
  Grinder (D:3)
  A hornet (D:7)
  A hippogriff (D:7)
  3 yaks (D:9)
  A water moccasin (D:7)
  An ogre (D:7)
  An orc warrior (D:6)
  3 sky beasts
  An ice beast (D:9)
  2 phantoms
  A necrophage (D:6)
  5 centaurs
  8 bullfrogs
  The ghost of ChaseSP the Chucker, a weakling OgHu (D:3)
  4 scorpions
  5 crimson imps
  2 quasits
  2 jellies (D:9)
  2 orc priests
  A centaur zombie (D:8)
  4 hounds
  A centaur skeleton (D:4)
  A bullfrog skeleton (D:5)
  An iguana (D:4)
  4 orc wizards
  4 worker ants
  A statue (D:7)
  A killer bee zombie (D:7)
  4 hound skeletons
  A howler monkey skeleton (D:7)
  8 adders
  5 shadow imps
  2 oozes
  2 adder skeletons
  6 worms
  4 dart slugs
  3 leopard geckos
  31 orcs
  7 bats
  4 giant cockroaches
  4 goblins
  8 hobgoblins
  13 jackals
  3 quokkas
  3 ball pythons
  9 frilled lizards
  10 kobolds
  A leopard gecko zombie (D:8)
  5 rats
196 creatures vanquished.

Notes
Turn   | Place    | Note
-------+----------+-------------------------------------------
     0 | D:1      | Ice the Minotaur Berserker began the quest for the Orb.
     0 | D:1      | Reached XP level 1. HP: 19/19 MP: 0/0
     7 | D:1      | Noticed a swamp drake
     7 | D:1      | Noticed a black mamba
   162 | D:1      | Reached XP level 2. HP: 24/26 MP: 1/1
   700 | D:2      | Reached ** piety under Trog
   756 | D:2      | Reached skill level 5 in Long Blades
   756 | D:2      | Reached XP level 3. HP: 31/31 MP: 2/2
  1125 | D:2      | Reached XP level 4. HP: 41/41 MP: 3/3
  1148 | D:2      | Found a faded altar of an unknown god.
  1570 | D:2      | Found a shimmering altar of Xom.
  1573 | D:2      | Found a shimmering altar of Xom.
  1573 | D:2      | Found an opulent altar of Gozag.
  1580 | D:2      | Found a snail-covered altar of Cheibriados.
  1580 | D:2      | Found a hazy altar of Hepliaklqana.
  1580 | D:2      | Found a blossoming altar of Fedhas.
  1928 | D:3      | Reached skill level 5 in Fighting
  1965 | D:3      | Noticed Grinder
  1986 | D:3      | Paralysed by Grinder for 5 turns
  1996 | D:3      | Killed Grinder
  1996 | D:3      | Reached XP level 5. HP: 6/48 MP: 4/4
  1996 | D:3      | Reached XP level 6. HP: 7/56 MP: 5/5
  2102 | D:3      | Noticed ChaseSP's ghost (weakling OgHu)
  2114 | D:3      | Killed ChaseSP's ghost
  2114 | D:3      | Reached skill level 5 in Slings
  2628 | D:3      | Reached *** piety under Trog
  2931 | D:4      | Found Vuzajaleipp's Antique Armour Shoppe.
  3140 | D:4      | Found a shadowy altar of Dithmenos.
  3186 | D:4      | Got an ancient spear
  3187 | D:4      | Lost intelligence.
  3187 | D:4      | Identified the cursed +1 spear of Yrewk {freeze, Int-5 Dex+5} (You found it on level 4 of the Dungeon)
  3201 | D:4      | Reached skill level 1 in Polearms
  3201 | D:4      | Reached XP level 7. HP: 35/61 MP: 6/6
  3261 | D:4      | Found a shattered altar of Ashenzari.
  3306 | D:4      | Found a staircase to the Ecumenical Temple.
  3314 | Temple   | Entered the Ecumenical Temple
  3520 | D:4      | Found a sparkling altar of Nemelex Xobeh.
  3767 | D:5      | Entered Level 5 of the Dungeon
  3805 | D:5      | Reached skill level 2 in Polearms
  3807 | D:5      | Found a white marble altar of Elyvilon.
  3945 | D:5      | Reached skill level 3 in Polearms
  4045 | D:5      | Reached skill level 4 in Polearms
  4195 | D:5      | Reached skill level 5 in Polearms
  4211 | D:5      | Reached skill level 5 in Armour
  4464 | D:5      | Reached XP level 8. HP: 68/68 MP: 7/7
  4784 | D:6      | Reached skill level 5 in Dodging
  4790 | D:6      | Reached **** piety under Trog
  4909 | D:6      | Received a gift from Trog
  4937 | D:6      | Found Kionkoz's General Store.
  4941 | D:6      | Bought 24 arrows for 62 gold pieces
  4941 | D:6      | Bought 21 sling bullets for 136 gold pieces
  4941 | D:6      | Bought a scroll of noise for 13 gold pieces
  4941 | D:6      | Bought 13 stones for 16 gold pieces
  4941 | D:6      | Bought 8 stones for 10 gold pieces
  4941 | D:6      | Bought a beef jerky for 19 gold pieces
  4978 | D:6      | Reached skill level 5 in Shields
  5002 | D:6      | Reached skill level 6 in Polearms
  5098 | D:6      | Found a faded altar of an unknown god.
  5098 | D:6      | Found a deep blue altar of Sif Muna.
  5104 | D:6      | Found a faded altar of an unknown god.
  5106 | D:6      | Found a faded altar of an unknown god.
  5108 | D:6      | Found a faded altar of an unknown god.
  5225 | D:6      | Reached skill level 7 in Polearms
  5290 | D:7      | Reached XP level 9. HP: 66/74 MP: 8/8
  5354 | D:7      | Found a radiant altar of Vehumet.
  5414 | D:7      | Reached skill level 8 in Polearms
  5448 | D:7      | Reached skill level 9 in Polearms
  5455 | D:7      | Found a sparkling altar of Nemelex Xobeh.
  5756 | D:7      | Found Qipod's General Store.
  5773 | D:7      | Bought a scroll of identify for 28 gold pieces
  5773 | D:7      | Bought a beef jerky for 21 gold pieces
  5773 | D:7      | Bought a potion of degeneration for 14 gold pieces
  5815 | D:7      | Received a gift from Trog
  5830 | D:7      | Reached skill level 10 in Polearms
  6019 | D:8      | Lost intelligence.
  6028 | D:8      | Found a hide-covered altar of Uskayaw.
  6105 | D:8      | Reached skill level 1 in Throwing
  6297 | D:8      | Lost intelligence.
  6322 | D:8      | Reached ***** piety under Trog
  6355 | D:8      | Found a blossoming altar of Fedhas.
  6396 | D:8      | Lost intelligence.
  6642 | D:9      | Lost intelligence.
  6678 | D:9      | Lost intelligence.
  6730 | D:9      | Found a deep blue altar of Sif Muna.
  6743 | D:9      | Lost intelligence.
  6830 | D:9      | Reached skill level 11 in Polearms
  6870 | D:9      | Lost intelligence.
  6889 | D:9      | Reached XP level 10. HP: 62/81 MP: 9/9
  6935 | D:9      | HP: 4/81 [something (1)]
  6950 | D:9      | HP: 2/81 [yak (5)]
  6978 | D:9      | HP: 2/81 [yak (8)]
  6986 | D:9      | HP: 2/81 [yak (3)]
  6990 | D:9      | Slain by a yak

Skill      XL: |  1  2  3  4  5  6  7  8  9 |
---------------+----------------------------+-----
Long Blades    | 4 5 |  5.1
Fighting       | 4 5 |  5.0
Slings         | 4 5 |  5.1
Armour         | 4 5 |  5.5
Polearms       | 1 5 7 11 | 11.6
Dodging        | 5 |  5.0
Shields        | 5 |  5.1
Throwing       | 4 |  4.2

Action                   |  1- 3 |  4- 6 |  7- 9 | 10-12 || total
-------------------------+-------+-------+-------+-------++-------
Melee: Falchion          |    63 |   129 |    22 |       ||   214
       Headbutt          |     9 |    32 |    88 |    11 ||   140
       Spear             |       |     3 |   337 |    32 ||   372
 Fire: Hunting sling     |    17 |    30 |    14 |       ||    61
       Blowgun           |       |       |    14 |       ||    14
Throw: Stone             |    24 |     2 |     5 |       ||    31
       Tomahawk          |       |       |    85 |       ||    85
Invok: Berserk           |       |     1 |     1 |       ||     2
       Trog's Hand       |       |       |       |     1 ||     1
  Use: Scroll            |     2 |     3 |     9 |       ||    14
       Potion            |       |       |     2 |     1 ||     3
  Eat: Chunk             |     1 |     7 |    17 |       ||    25
Armor: Animal skin       |    10 |       |       |       ||    10
       Ring mail         |     2 |       |       |       ||     2
       Scale mail        |     3 |       |       |       ||     3
       Chain mail        |       |    63 |    85 |       ||   148
       Plate armour      |       |       |     6 |       ||     6
       Storm dragon scal |       |       |   110 |    13 ||   123
Dodge: Dodged            |    42 |    47 |   161 |    10 ||   260
Block: Buckler           |       |    18 |    34 |       ||    52
       Shield            |       |       |    83 |       ||    83
       Large shield      |       |       |    30 |    45 ||    75
       Rpst.: Falchion   |    12 |    10 |       |       ||    22
